 Dungeon Crawl Stone Soup version 0.17-a0-1197-g2d00c63 (webtiles) character file.

93 Fluffy the Covered (level 4, -1/29 HPs)
             Began as a Gargoyle Fighter on June 2, 2015.
             Killed from afar by an orc wizard (7 damage)
             ... with a magic dart
             ... on level 3 of the Dungeon.
             The game lasted 00:03:46 (1999 turns).

Fluffy the Covered (Gargoyle Fighter)               Turns: 1999, Time: 00:03:46

Health: -1/29      AC: 11    Str: 20    XL:     4   Next: 61%
Magic:  4/4        EV:  7    Int:  8    God:
Gold:   106        SH:  9    Dex: 10    Spells: 0 memorised, 3 levels left

rFire  . . .     SeeInvis .     a - +0 flail
rCold  . . .     Clarity  .     b - +0 scale mail
rNeg   + . .     SustAt   .     c - +0 shield
rPois  ∞         Gourm    .     (no helmet)
rElec  +         Spirit   .     (no cloak)
rCorr  .         Warding  .     f - +0 pair of gloves
rMut   .         Stasis   .     (no boots)
MR     .....                    (no amulet)
Stlth  ..........               (no ring)
                                (no ring)

@: not resistant to hostile enchantments, extremely unstealthy
A: negative energy resistance 1, electricity resistance, unbreathing,
petrification resistance, rot immunity, AC +3
a: no special abilities


You were on level 3 of the Dungeon.
You were not hungry.

You visited 1 branch of the dungeon, and saw 3 of its levels.

You collected 106 gold pieces.

Inventory:

Hand weapons
 a - a +0 flail (weapon)
Armour
 b - a +0 scale mail (worn)
 c - a +0 shield (worn)
 f - a +0 pair of gloves (worn)
Scrolls
 h - a scroll of enchant weapon {unknown}
 i - a scroll of amnesia {unknown}
 j - 3 scrolls of fog {unknown}
 k - a scroll of identify {unknown}
 l - 2 scrolls of remove curse {unknown}
 n - a scroll of immolation {unknown}
 q - 2 scrolls of recharging {unknown}
Potions
 d - a potion of might
 g - a potion of flight {unknown}
 o - a potion of brilliance {unknown}
 p - a potion of lignification {unknown}
Comestibles
 e - 6 bread rations
 m - 2 meat rations
 r - 3 fruits


   Skills:
 + Level 4.0 Fighting
 + Level 2.8 Maces & Flails
 + Level 4.2 Armour
 + Level 3.9 Shields


You had 3 spell levels left.
You didn't know any spells.

Dungeon Overview and Level Annotations

Branches:
Dungeon (3/15)

Altars:


Innate Abilities, Weirdness & Mutations

You are resistant to torment.
Your stone body is resilient (AC +3).
You are immune to poison.
You resist negative energy.
You are resistant to electric shocks.
You can survive without breathing.
You are immune to petrification.
You are immune to rotting.


Message History

a whip; a ring mail; a halberd; an orc corpse; a gnoll corpse You hit the orc but do no damage.
The orc completely misses you.
You hit the orc.
The orc is heavily wounded.
You block the orc's attack.
You hit the orc but do no damage.
The orc is heavily wounded.
You block the orc's attack.
You hit the orc but do no damage.
The orc is heavily wounded.
You block the orc's attack. x2
You hit the orc.
You kill the orc!
Your Fighting skill increases to level 4!
You block its attack.
Your shield and scale mail prevent you from hitting something.
You hear some strange, mumbled words.
A magic dart appears from out of thin air!
The magic dart hits you!
You die...

.# #....# o#
#.#.##
{#############.#.#
.......g.gg....#.#
.###############.#
###<# #÷# #.# #o#
#.# #{# #.#######
#@# #.......# #)#
#.#####.# #.# #.#
#.######.# ###
#.....##.#
#####.##.# #.##.#
#.##.# #....#


You could see an orc.

Vanquished Creatures
  3 gnolls (D:3)
  2 oozes
  2 orcs (D:3)
  A ball python (D:1)
  2 giant cockroaches
  8 goblins
  4 hobgoblins
  4 jackals (D:2)
  2 quokkas (D:3)
  3 bats (D:1)
  5 giant geckos
  9 giant newts
  A kobold (D:3)
  6 rats
52 creatures vanquished.

Notes
Turn   | Place    | Note
--------------------------------------------------------------
     0 | D:1      | Fluffy the Gargoyle Fighter began the quest for the Orb.
     0 | D:1      | Reached XP level 1. HP: 14/14 MP: 1/1
    61 | D:1      | Reached XP level 2. HP: 9/19 MP: 2/2
   944 | D:1      | Reached XP level 3. HP: 23/23 MP: 3/3
  1276 | D:2      | Reached skill level 4 in Armour
  1966 | D:3      | Reached XP level 4. HP: 20/29 MP: 4/4
  1999 | D:3      | Killed from afar by an orc wizard

Vault maps used:
D:1:      dpeg_arrival_shrine
D:2:      first_bread
D:3:      dk_noncrumbling_3

Action                   |  1- 3 |  4- 6 || total
-------------------------+-------+-------++-------
Melee: Flail             |   196 |    31 ||   227
  Eat: Chunk             |     4 |       ||     4
